 Dungeon Crawl Stone Soup version 0.25-a0-424-g80bd347ae0 (webtiles) character file.

Game seed: 12729459714211299658, levelgen mode: deterministic

77 Eurus the Magician (level 4, -1/30 HPs)
             Began as a Mummy Conjurer on Jan 23, 2020.
             Slain by an orc
             ... wielding a +0 whip
              (2 damage)
             ... on level 3 of the Dungeon.
             The game lasted 00:06:27 (2205 turns).

Eurus the Magician (Mummy Conjurer)                 Turns: 2205, Time: 00:06:27

Health: -1/30      AC:  2    Str: 11    XL:     4   Next: 13%
Magic:  1/9        EV: 12    Int: 15    God:
Gold:   62         SH:  0    Dex: 12    Spells: 7/10 levels left

rFire    x . .     SeeInvis .   h - +0 dagger
rCold    + . .     Gourm    .   (no shield)
rNeg     + + +     Faith    .   a - +0 robe
rPois    ∞         Spirit   .   (no helmet)
rElec    .         Reflect  .   (no cloak)
rCorr    .         Harm     .   (no gloves)
MR       .....                  (no boots)
Stlth    ++........             (no amulet)
HPRegen  0.10/turn              (no ring)
MPRegen  0.11/turn              (no ring)

@: no status effects
A: no food or potions, fire vulnerability, cold resistance 1, negative energy
resistance 3, torment resistance, unbreathing
a: no special abilities


You were on level 3 of the Dungeon.
You were not hungry.

You visited 1 branch of the dungeon, and saw 3 of its levels.

You collected 62 gold pieces.

Inventory:

Hand Weapons
 h - a +0 dagger (weapon)
Armour
 a - a +0 robe (worn)
Jewellery
 e - a cursed -3 ring of strength {unknown}
 f - a cursed -3 ring of intelligence {unknown}
 j - an uncursed ring of fire
Scrolls
 b - 2 scrolls of amnesia {unknown}
 c - 4 scrolls of identify {unknown}
 d - a scroll of fog {unknown}
 g - a scroll of teleportation {unknown}
 i - a scroll of remove curse {unknown}


   Skills:
 - Level 1.5 Dodging
 + Level 2.5 Stealth
 + Level 3.8 Spellcasting
 + Level 3.8 Conjurations


You had 7 spell levels left.
You knew the following spells:

 Your Spells              Type           Power        Failure   Level  Hunger
a - Magic Dart            Conj           ##..         3%          1    N/A
b - Searing Ray           Conj           ##....       6%          2    N/A

Your spell library contained the following spells:

 Spells                   Type           Power        Failure   Level  Hunger
 Dazzling Flash           Conj/Hex       #.....       26%         3    N/A
 Fulminant Prism          Conj/Hex       #.........   63%         4    N/A
 Iskenderun's Mystic Bla  Conj/Tloc      #.......     63%         4    N/A

Dungeon Overview and Level Annotations

Branches:
Dungeon (3/15)

Altars:

Annotations:
D:3 Sigmund


Innate Abilities, Weirdness & Mutations

You do not eat or drink.
Your flesh is vulnerable to fire.
You are immune to poison.
Your flesh is cold resistant. (rC+)
You are immune to negative energy. (rN+++)
You are immune to unholy pain and torment.
You can survive without breathing.


Message History

Aiming: Magic Dart (safe; 3% risk of failure)
Press: ? - help, Shift-Dir - straight line, f/p - orc
Aim: an orc, wielding a +0 whip and wearing a +0 chain mail (lightly wounded)
The magic dart hits the orc.
The orc is moderately wounded.
The orc barely misses you.
You hit the orc but do no damage.
The orc is moderately wounded.
The orc completely misses you.
You hit the orc but do no damage.
The orc is moderately wounded.
The orc hits you with a +0 whip.
* * * LOW HITPOINT WARNING * * *
You hit the orc but do no damage.
The orc is moderately wounded.
The orc barely misses you.
You hit the orc but do no damage.
The orc is moderately wounded.
The orc hits you with a +0 whip.
You die...

..... .... ...
.. .# ## ≈≈
#####.# #...
.≈≈.#.....#.....
≈≈≈....)......
≈≈≈≈............
.≈≈..........)..
..≈.......<...+#
.≈≈...........#
≈.≈≈#.....#...#
≈≈.####.####.#


You could see an orc.

Vanquished Creatures
  3 adders (D:2)
  2 dart slugs (D:1)
  An orc (D:3)
  3 bats
  2 giant cockroaches (D:1)
  7 hobgoblins
  11 kobolds
  A quokka (D:3)
  3 frilled lizards
  4 goblins
  6 rats
43 creatures vanquished.

Notes
Turn   | Place    | Note
-------+----------+-------------------------------------------
     0 | D:1      | Eurus the Mummy Conjurer began the quest for the Orb.
     0 | D:1      | Reached XP level 1. HP: 13/13 MP: 4/4
   325 | D:1      | Reached XP level 2. HP: 19/19 MP: 1/6
   539 | D:1      | Learned a level 2 spell: Searing Ray
   855 | D:1      | You fall into a shaft and drop 1 floor!
   877 | D:2      | Reached XP level 3. HP: 24/24 MP: 5/7
  1779 | D:3      | Reached XP level 4. HP: 30/30 MP: 6/9
  1889 | D:3      | Noticed Sigmund
  2203 | D:3      | HP: 1/30 [orc/+0 whip (2)]
  2205 | D:3      | Slain by an orc

Levels and vault maps discovered:
D:1:      evilmike_arrival_crescent, layout_loops_ring
D:2:      layout_loops_ring
D:3:      layout_rooms, serial_rivers, chequers_serial_rivers_room_a,
          chequers_serial_rivers_large_a, chequers_serial_rivers_micro_d,
          chequers_serial_rivers_small_3, chequers_serial_rivers_micro_c,
          first_ration, uniq_sigmund

Skill      XL: |  1  2 |
---------------+-------+-----
Spellcasting   | 3 |  3.8
Stealth        | 2 |  2.5
Dodging        | |  1.5
Conjurations   | |  3.8

Action                   |  1- 3 |  4- 6 || total
-------------------------+-------+-------++-------
Melee: Unarmed           |    14 |       ||    14
       Dagger            |    45 |    22 ||    67
       Club              |     1 |       ||     1
 Cast: Magic Dart        |    63 |    24 ||    87
 Stab: Sleeping          |     2 |       ||     2
Armor: Robe              |    16 |     1 ||    17
Dodge: Dodged            |    40 |    21 ||    61

Table legend:
 A = Non-vault XP
 B = Vault XP
 C = Vault XP percentage of total XP
 D = Non-vault monster count
 E = Vault monster count
 F = Vault count percentage of total count
                 A         B        C        D         E       F
            +---------+---------+-------+---------+---------+-------
      Total |     110 |       0 |   0.0 |      43 |       0 |   0.0
            +---------+---------+-------+---------+---------+-------
        D:1 |      47 |       0 |   0.0 |      26 |       0 |   0.0
        D:2 |      46 |       0 |   0.0 |       8 |       0 |   0.0
        D:3 |      17 |       0 |   0.0 |       9 |       0 |   0.0
            +---------+---------+-------+---------+---------+-------
